General information
- name: BNet
- type: Ladder team game (AT/RT)
- host: Battle.net
- saver: MrFrosty
map: TidewaterGlades
- players: 4
- length: 13:31
- speed: Fast
- version: 1.23 W3XP
- replay type: Public
» download(85 KB)
Players
team 1 (winner)
Kunt.roII (
orange | 113 APM | 1528 actions | 13:31)
4 Blademaster
2 Wind Walk
2 Critical Strike
» actions
| Assign group hotkey | 32 | |
| Basic commands | 6 | |
| Build / train | 50 | |
| ESC pressed | 15 | |
| Enter build submenu | 42 | |
| Enter hero's abilities submenu | 4 | |
| Give item / drop item | 1 | |
| Right click | 787 | |
| Select / deselect | 222 | |
| Select group hotkey | 231 | |
| Use ability | 138 | |
1528 total
» units
» buildings
| Altar of Storms | 1 | |
| Orc Burrow | 7 | |
| Voodoo Lounge | 4 | |
| War Mill | 1 | |
| Watch Tower | 20 | |
| Stronghold | 2 | |
| Beastiary | 2 | |
| Fortress | 1 | |
38 total
» build order
00:11 Altar of Storms
00:30 Orc Burrow
01:02 Voodoo Lounge
01:15 War Mill
01:46 Orc Burrow
02:27 Watch Tower
02:44 Watch Tower
03:04 Watch Tower
03:25 Watch Tower
04:38 Watch Tower
04:40 Watch Tower
05:00 Watch Tower
05:16 Watch Tower
05:17 Watch Tower
06:00 Orc Burrow
06:23 Orc Burrow
07:54 Voodoo Lounge
07:58 Watch Tower
08:33 Stronghold
08:36 Watch Tower
08:36 Watch Tower
08:58 Watch Tower
09:06 Watch Tower
09:58 Watch Tower
10:23 Watch Tower
11:05 Beastiary
11:06 Beastiary
11:17 Fortress
11:24 Watch Tower
11:24 Watch Tower
11:35 Orc Burrow
12:09 Watch Tower
12:11 Orc Burrow
12:14 Orc Burrow
13:04 Watch Tower
13:18 Voodoo Lounge
13:19 Voodoo Lounge
» items
| Lesser Clarity Potion | 8 | |
| Healing Salve | 5 | |
| Scroll of Speed | 2 | |
| Boots of Speed | 1 | |
| Staff of Teleportation | 1 | |
| Potion of Healing | 1 | |
18 total
MrFrosty (
pink | 95 APM | 1283 actions | 13:31)
4 Archmage
2 Blizzard
2 Brilliance Aura
2 Goblin Alchemist
1 Chemical Rage
1 Acid Bomb
» actions
| Assign group hotkey | 13 | |
| Basic commands | 21 | |
| Build / train | 71 | |
| Enter build submenu | 24 | |
| Enter hero's abilities submenu | 6 | |
| Give item / drop item | 2 | |
| Remove unit from queue | 1 | |
| Right click | 621 | |
| Select / deselect | 244 | |
| Select group hotkey | 206 | |
| Use ability | 74 | |
1283 total
» units
| Peasant | 25 | |
| Furbolg Shaman | 2 | |
| Thunder Lizard | 1 | |
| Satyr Shadowdancer | 1 | |
| Priest | 2 | |
| Sorceress | 1 | |
32 total
» upgrades
| Masonry | 2 | |
| Lumber Harvesting | 1 | |
| Priest Training | 1 | |
| Magic Sentry | 1 | |
| Sorceress Training | 1 | |
6 total
» buildings
| Altar of Kings | 1 | |
| Farm | 5 | |
| Scout Tower | 17 | |
| Lumber Mill | 1 | |
| Arcane Tower | 2 | |
| Guard Tower | 8 | |
| Town Hall | 1 | |
| Keep | 1 | |
| Castle | 1 | |
| Arcane Sanctum | 1 | |
| Arcane Vault | 1 | |
39 total
» build order
00:05 Altar of Kings
00:20 Farm
00:21 Scout Tower
00:48 Lumber Mill
00:51 Arcane Tower
01:21 Farm
01:37 Scout Tower
01:44 Farm
02:05 Guard Tower
02:14 Scout Tower
02:42 Guard Tower
04:38 Scout Tower
04:45 Scout Tower
04:46 Scout Tower
04:52 Arcane Tower
04:57 Scout Tower
05:06 Guard Tower
05:40 Guard Tower
05:47 Town Hall
06:35 Scout Tower
06:37 Scout Tower
07:07 Guard Tower
07:12 Farm
08:02 Keep
08:09 Farm
08:38 Scout Tower
08:39 Scout Tower
08:40 Scout Tower
08:41 Scout Tower
09:38 Scout Tower
09:39 Scout Tower
09:40 Scout Tower
09:41 Scout Tower
10:12 Guard Tower
10:31 Guard Tower
10:32 Castle
10:34 Arcane Sanctum
10:49 Arcane Vault
11:20 Guard Tower
» items
| Healing Salve | 2 | |
| Scroll of Speed | 2 | |
| Staff of Teleportation | 2 | |
| Boots of Speed | 2 | |
| Potion of Healing | 3 | |
| Potion of Lesser Invulnerability | 1 | |
12 total
team 2 (loser)
IamOnlyHuman. (
blue | 126 APM | 1706 actions | 13:30)
1 Archmage
1 Summon Water Elemental
1 Beastmaster
1 Summon Quilbeast
» actions
| Assign group hotkey | 63 | |
| Basic commands | 167 | |
| Build / train | 46 | |
| ESC pressed | 1 | |
| Enter build submenu | 17 | |
| Enter hero's abilities submenu | 2 | |
| Right click | 589 | |
| Select / deselect | 308 | |
| Select group hotkey | 449 | |
| Use ability | 64 | |
1706 total
» units
| Peasant | 9 | |
| Footman | 6 | |
| Rifleman | 1 | |
| Flying Machine | 2 | |
| Priest | 2 | |
| Sorceress | 5 | |
| Mortar Team | 6 | |
31 total
» upgrades
| Sorceress Training | 1 | |
| Fragmentation Shards | 1 | |
2 total
» buildings
| Altar of Kings | 1 | |
| Barracks | 1 | |
| Farm | 6 | |
| Scout Tower | 1 | |
| Arcane Tower | 1 | |
| Keep | 1 | |
| Arcane Vault | 1 | |
| Lumber Mill | 1 | |
| Blacksmith | 1 | |
| Workshop | 1 | |
| Arcane Sanctum | 1 | |
| Castle | 1 | |
17 total
» build order
00:07 Altar of Kings
00:21 Barracks
00:35 Farm
00:50 Farm
01:34 Scout Tower
02:04 Arcane Tower
02:18 Farm
03:14 Keep
03:52 Arcane Vault
04:10 Lumber Mill
04:16 Farm
04:47 Blacksmith
06:26 Workshop
06:28 Arcane Sanctum
07:53 Farm
09:06 Farm
10:19 Castle
» items
| Potion of Healing | 2 | |
| Scroll of Regeneration | 1 | |
| Staff of Sanctuary | 1 | |
4 total
WEB)SPC-Chen (
yellow | 105 APM | 1407 actions | 13:24)
2 Blademaster
1 Wind Walk
1 Critical Strike
1 Beastmaster
1 Summon Quilbeast
» actions
| Assign group hotkey | 56 | |
| Basic commands | 30 | |
| Build / train | 58 | |
| ESC pressed | 3 | |
| Enter build submenu | 12 | |
| Enter hero's abilities submenu | 3 | |
| Give item / drop item | 1 | |
| Right click | 495 | |
| Select / deselect | 377 | |
| Select group hotkey | 301 | |
| Use ability | 71 | |
1407 total
» units
| Peon | 15 | |
| Grunt | 10 | |
| Wind Rider | 4 | |
| Raider | 7 | |
36 total
» upgrades
» buildings
| Altar of Storms | 1 | |
| Orc Burrow | 4 | |
| Barracks | 1 | |
| Voodoo Lounge | 1 | |
| Stronghold | 1 | |
| Beastiary | 2 | |
| War Mill | 1 | |
11 total
» build order
00:04 Altar of Storms
00:16 Orc Burrow
00:37 Barracks
01:24 Orc Burrow
01:52 Voodoo Lounge
03:29 Stronghold
03:54 Orc Burrow
06:02 Beastiary
06:04 Beastiary
07:53 Orc Burrow
08:29 War Mill
» items
| Healing Salve | 2 | |
| Lesser Clarity Potion | 3 | |
| Scroll of Speed | 2 | |
7 total
Chat log
(00:04 / All) Kunt.roII: SUP
(00:15 / All) Kunt.roII: gl n hf
(00:16 / All) IamOnlyHuman.: HELLO DEFEND KING^^ PRO
(00:22 / All) Kunt.roII: >
(00:24 / All) Kunt.roII: ?
(00:25 / All) Kunt.roII: <
(13:27 / All) Kunt.roII: lollll
(13:29 / All) Kunt.roII: bye